 Dungeon Crawl Stone Soup version 0.26.1-2-gb8aa6d0cf2 (webtiles) character file.

Game seed: 7680874180062939593

707828 sahdkjhfkaj the Axe Maniac (level 27, -28/267 (269) HPs)
             Began as a Hill Orc Hedge Wizard on Mar 7, 2021.
             Was the Champion of Ashenzari.
             Killed from afar by a Brimstone Fiend (42 damage)
             ... with damnation
             ... on level 7 of the Iron City of Dis on Mar 25, 2021.
             The game lasted 02:09:16 (96486 turns).

sahdkjhfkaj the Axe Maniac (Hill Orc Hedge Wizard) Turns: 96486, Time: 02:09:17

HP:   -28/267 (269) AC: 41    Str: 33    XL:     27
MP:   31/31         EV: 16    Int: 17    God:    Ashenzari [******]
Gold: 4884          SH: 40    Dex: 10    Spells: 12/43 levels left

rFire    + + .     SeeInvis +   a - +9 broad axe (freeze) (curse)
rCold    + . .     Faith    .   s - +8 tower shield (curse)
rNeg     + + .     Spirit   .   l - +1 gold dragon scales
rPois    +         Reflect  +   E - +2 hat (curse)
rElec    +         Harm     .   C - +2 cloak {rPois} (curse)
rCorr    .         Rampage  .   J - +2 pair of gloves {Str+3} (curse)
Will     +++..     Clarity  +   k - +2 pair of boots (curse)
Stlth    ..........             b - amulet "Cuopn" {Reflect Str+4 SH+5} (curse)
HPRegen  0.54/turn              T - ring "Tuge" {rElec rPois rF+ rN+ Int+3} (curse)
MPRegen  0.22/turn              t - ring "Zadwat" {rN+ Will+ EV+4} (curse)

@: lightly drained
A: berserk 2, blurry vision 1, low mp 1, screaming 1, no potion heal 1, subdued
magic 1
}: 4/15 runes: decaying, silver, iron, gossamer
a: Renounce Religion, Curse Item, Scrying, Transfer Knowledge


You were on level 7 of the Iron City of Dis.
You worshipped Ashenzari.
Ashenzari was exalted by your worship.
You visited 11 branches of the dungeon, and saw 53 of its levels.
You visited the Abyss 1 time.
You also visited: Gauntlet.

You collected 9907 gold pieces.
You spent 5023 gold pieces at shops.

Inventory:

Hand Weapons
 a - a cursed +9 broad axe of freezing (weapon)
   (You acquired it on level 11 of the Dungeon)
Armour
 k - a cursed +2 pair of boots (worn)
   (You found it on level 1 of the Elven Halls)
 l - +1 gold dragon scales (worn)
   (You found it on level 5 of the Vaults)
 s - a cursed +8 tower shield (worn)
   (You took it off Louise on level 1 of the Swamp)
 C - a cursed +2 cloak of poison resistance (worn)
   (You found it in a Gauntlet)
 E - a cursed +2 hat (worn)
   (You found it on level 3 of the Lair of Beasts)
 J - a cursed +2 pair of gloves of strength (worn)
   (You found it on level 4 of the Spider Nest)
Jewellery
 b - the cursed amulet "Cuopn" (around neck) {Reflect Str+4 SH+5}
   (You bought it in a shop on level 3 of the Elven Halls)

   [amulet of reflection]

   It shields you and reflects attacks.
   It affects your strength (+4).
   It affects your SH (+5).
   It has a curse placed upon it.
 t - the cursed ring "Zadwat" (right hand) {rN+ Will+ EV+4}
   (You found it on level 2 of the Depths)

   [ring of evasion]

   It affects your evasion (+4).
   It protects you from negative energy.
   It affects your willpower, your defense against some magical effects.
   It has a curse placed upon it.
 T - the cursed ring "Tuge" (left hand) {rElec rPois rF+ rN+ Int+3}
   (You found it on level 3 of the Elven Halls)

   [ring of positive energy]

   It affects your intelligence (+3).
   It protects you from fire.
   It insulates you from electricity.
   It protects you from poison.
   It protects you from negative energy.
   It has a curse placed upon it.
Wands
 e - a wand of enslavement (35)
   (You found it on level 5 of the Lair of Beasts)
 B - a wand of digging (17)
   (You found it on level 6 of the Dungeon)
 D - a wand of paralysis (51)
   (You took it off Harold on level 9 of the Dungeon)
 F - a wand of acid (29)
   (You found it on level 7 of the Dungeon)
 H - a wand of flame (98)
   (You found it on level 8 of the Dungeon)
 K - a wand of iceblast (21)
   (You found it on level 3 of the Elven Halls)
 P - a wand of disintegration (13)
   (You found it on level 2 of the Spider Nest)
 X - a wand of polymorph (25)
   (You found it on level 2 of the Vaults)
Scrolls
 d - 7 scrolls of amnesia {!r}
 i - 12 scrolls of teleportation {!r}
 v - 10 scrolls of magic mapping {!r}
 x - 2 scrolls of remove curse
 z - 14 scrolls of immolation {!r}
 G - 8 scrolls of fear {!r}
 L - 4 scrolls of silence {!r}
 M - 4 scrolls of holy word {!r}
 Q - 4 scrolls of vulnerability {!r}
 U - 7 scrolls of fog {!r}
 V - 4 scrolls of summoning {!r}
 W - 20 scrolls of identify {!r}
Potions
 g - 4 potions of magic
 h - 9 potions of haste {!q}
 m - 10 potions of attraction {!q}
 n - 4 potions of flight {!q}
 o - 5 potions of lignification {!q}
 p - 2 potions of berserk rage
 q - 15 potions of curing {!q}
 r - 7 potions of ambrosia {!q}
 y - 11 potions of brilliance {!q}
 A - 2 potions of resistance {!q}
 I - 7 potions of cancellation {!q}
 O - 6 potions of invisibility {!q}
 S - 4 potions of mutation {!q}
 Z - 3 potions of might {!q}
Miscellaneous
 f - a condenser vane
   (You bought it in a shop on level 8 of the Dungeon)
 j - the horn of Geryon
   (You took it off Geryon in the Vestibule of Hell)
 Y - a tin of tremorstones (inert)
   (You bought it in a shop on level 8 of the Dungeon)


   Skills:
 - Level 26.0 Fighting
 - Level 4.0 Short Blades
 O Level 27 Axes
 - Level 22.5(25.8) Armour
 - Level 10.0 Dodging
 - Level 1.5 Stealth
 - Level 22.9(25.0) Shields
 + Level 8.5 Spellcasting
 - Level 3.1(7.0) Summonings
 - Level 14.9(18.9) Necromancy
 - Level 8.2(12.6) Translocations
 - Level 9.4(13.8) Transmutations
 - Level 1.9(5.1) Fire Magic
 - Level 3.8(8.0) Earth Magic
 - Level 1.8(5.0) Poison Magic
 - Level 13.9(18.0) Evocations


You had 12 spell levels left.
You knew the following spells:

 Your Spells              Type           Power        Failure   Level
a - Necromutation         Tmut/Necr      24%          98%         8
b - Blink                 Tloc           N/A          1%          2
c - Apportation           Tloc           76%          1%          1
d - Borgnjor's Vile Clut  Necr/Erth      20%          4%          5
f - Infestation           Necr           26%          77%         8
v - Passage of Golubria   Tloc           N/A          1%          4
G - Ignite Poison         Fire/Tmut/Pois 26%          4%          3

Your spell library contained the following spells:

 Spells                   Type           Power        Failure   Level
 Animate Skeleton         Necr           100%         0%          1
 Pain                     Necr           100%         0%          1
 Sting                    Tmut/Pois      100%         1%          1
 Summon Small Mammal      Summ           92%          1%          1
 Lesser Beckoning         Tloc           19%          1%          3
 Teleport Other           Tloc           38%          1%          3
 Vampiric Draining        Necr           26%          1%          3
 Animate Dead             Necr           26%          1%          4
 Agony                    Necr           53%          1%          5
 Call Imp                 Summ           23%          3%          2
 Poisonous Vapours        Pois/Air       26%          21%         2
 Summon Forest            Summ/Tloc      15%          21%         5
 Hydra Form               Tmut           20%          22%         6
 Summon Guardian Golem    Hex/Summ       15%          26%         3
 Corona                   Hex            7%           32%         1
 Freeze                   Ice            28%          32%         1
 Magic Dart               Conj           28%          32%         1
 Conjure Flame            Conj/Fire      13%          36%         3
 Ensorcelled Hibernation  Hex/Ice        14%          45%         2
 Slow                     Hex            7%           45%         2
 Mephitic Cloud           Conj/Pois/Air  11%          47%         3
 Olgreb's Toxic Radiance  Pois           18%          50%         4
 Irradiate                Conj/Tmut      12%          52%         5
 Yara's Violent Unravell  Hex/Tmut       12%          52%         5
 Summon Demon             Summ           11%          56%         5
 Statue Form              Tmut/Erth      22%          61%         6
 Summon Ice Beast         Ice/Summ       15%          67%         4
 Confusing Touch          Hex            7%           71%         3
 Dazzling Flash           Conj/Hex       14%          71%         3
 Frozen Ramparts          Ice            14%          71%         3
 Ozocubu's Armour         Ice            7%           71%         3
 Tukima's Dance           Hex            7%           71%         3
 Borgnjor's Revivificati  Necr           26%          77%         8
 Dragon Form              Tmut           20%          78%         7
 Bolt of Magma            Conj/Fire/Erth 8%           88%         5
 Haunt                    Necr/Summ      19%          88%         7
 Summon Mana Viper        Hex/Summ       15%          95%         5
 Cause Fear               Hex            3%           98%         4
 Hailstorm                Conj/Ice       7%           98%         4
 Fireball                 Conj/Fire      6%           98%         5
 Shadow Creatures         Summ           N/A          99%         6
 Silence                  Hex/Air        3%           100%        5
 Freezing Cloud           Conj/Ice/Air   3%           100%        6
 Starburst                Conj/Fire      6%           100%        6
 Spellforged Servitor     Conj/Summ      7%           100%        7
 Summon Hydra             Summ           11%          100%        7
 Discord                  Hex            3%           100%        8
 Ignition                 Fire           9%           100%        8
 Death's Door             Necr           26%          100%        9


Dungeon Overview and Level Annotations

Branches:
Dungeon (15/15)            Temple (1/1) D:6            Lair (6/6) D:8
  Swamp (4/4) Lair:3       Spider (4/4) Lair:3        Slime (0/5) Lair:6
    Orc (2/2) D:12            Elf (3/3) Orc:2        Vaults (5/5) D:14
  Crypt (0/3) Vaults:3     Depths (5/5) D:15           Hell (visited)
    Dis (7/7) Hell            Geh (0/7) Hell            Coc (0/7) Hell
    Tar (0/7) Hell            Zot (0/5) Depths:5    Gauntlet (visited)

Altars:
Ashenzari
Dithmenos
Elyvilon
Fedhas
Gozag
Hepliaklqana
Kikubaaqudgha
Makhleb
Nemelex Xobeh
Okawaru
Sif Muna
Trog
Uskayaw
Xom
Yredelemnul
Zin
The Shining One

Shops:
D:8 }   D:11 *   D:13 (*   D:14 (   D:15 ?   Orc:1 *   Orc:2 :(**   Elf:1 (
Elf:3 }=}=   Vaults:1 ?   Vaults:2 :   Depths:2 [(   Depths:5 *:[*

Portals:
Hell: Depths:1 Depths:2 Depths:3 Depths:4 Depths:5
Abyss: Depths:2 Depths:3 Depths:4
Pandemonium: Orc:2 Depths:3
Ziggurat: Depths:3

Annotations:
Vaults:2 2 transporters
Depths:2 2 transporters
Depths:4 27 runed doors
Dis:7 Dispater


Innate Abilities, Weirdness & Mutations

You often lose your temper in combat.
Scrolls take you a little longer to read.
Your magical capacity is low. (-10% MP)
You occasionally shout uncontrollably at your foes.
Potions are less effective at restoring your health.
Your spells are a little easier to cast, but a little less powerful.


Message History

You feel strangely unstable.
Unknown command.
The tormentor calls on the powers of darkness!
Your body is wracked with pain!
* * * LOW HITPOINT WARNING * * *
Unknown command.
Unknown command.
The ancient champion gestures wildly while chanting.
The ancient champion seems to speed up.
The tormentor calls on the powers of darkness!
Your body is wracked with pain!
* * * LOW HITPOINT WARNING * * *
Unknown command.
A frost giant skeleton comes into view.
Unknown command.
Your surroundings suddenly seem different.
The Brimstone Fiend roars!
The Brimstone Fiend gestures at you.
The sphere of damnation explodes!
The damnation engulfs you!!!
You die...

.,........{.,................#
.*#..........................#
.##..........................#
............................##
............................#
..12..#..,#.......#.#........#
Z9z..##+#*##.....#####.......#
#Z4...(.. #.....## ##......#
.4....#D.,#.....@# *......##
#2....#,..'.....## ##.....#
.....## '##.... *** *.......
......# , #....., ,,, ,,,,*
........ ....... , ,, * *,,,
...............1** , *** *
................ *,,* , ,,*
................, , ,, , *
.......#.#..,** , , ,,,*, *


You could see a Brimstone Fiend.

Vanquished Creatures
  Mennas (Vaults:4)
  2 juggernauts
  An ancient lich (Vaults:4)
  The ghost of dolemite99 the Warrior, a veteran DrFE of Okawaru (Vaults:4)
  Sojobo (Depths:2)
  Frederick (Vaults:4)
  Saint Roka (Orc:2)
  A caustic shrike (Depths:2)
  4 golden dragons
  Geryon (Hell)
  Nikola (Depths:3)
  A pearl dragon (Depths:1)
  2 bone dragons (Dis:3)
  6 Tzitzimimeh
  10 iron giants
  7 Brimstone Fiends
  Jorgrun (Spider:2)
  11 Ice Fiends
  Rupert (D:14)
  3 liches
  4 Hell Sentinels
  2 deep elf master archers (Elf:3)
  3 deep elf blademasters
  A quicksilver dragon (Vaults:5)
  6 tentacled monstrosities
  4 titans
  Frances (Swamp:1)
  3 thorn hunters (Swamp:4)
  5 Executioners
  4 sphinxes
  8 tengu reavers
  4 storm dragons
  Kirke (D:14)
  Agnes (Elf:2)
  22 ancient champions
  9 shadow dragons
  Donald (Swamp:4)
  6 fire giants
  An orc warlord (Orc:1)
  4 iron dragons
  13 vault wardens
  10 frost giants
  7 cacodemons
  7 deep elf sorcerers
  6 emperor scorpions
  A ghost moth (shapeshifter) (Depths:2)
  A curse skull (Vaults:3)
  4 balrugs
  Louise (Swamp:1)
  4 ghost moths (Spider:4)
  48 reapers
  A deep elf elementalist (Elf:3)
  A spriggan defender (Depths:4)
  7 war gargoyles
  16 very ugly things
  An ophan (Depths:1)
  15 ironheart preservers
  26 stone giants
  3 draconian annihilators (Depths:5)
  The ghost of Mijamoo the Severer, a journeyman MiBe of Trog (Lair:3)
  7 deep elf demonologists
  An apis (Depths:1)
  2 red draconians (Depths:5)
  2 entropy weavers (Lair:4)
  9 vampire knights
  A yellow draconian (Depths:5)
  A bunyip (shapeshifter) (Vaults:5)
  A dire elephant (D:15)
  2 lorocyprocas
  8 deep elf annihilators
  5 bunyips
  A black draconian (Depths:5)
  A white draconian (Depths:5)
  A minotaur (Gauntlet)
  5 spark wasps
  4 eleionomae
  15 ettins
  A purple draconian (Depths:5)
  2 blizzard demons
  6 quicksilver dragon zombies
  4 green deaths
  6 deep elf death magi
  4 deep elf high priests
  2 shambling mangroves (Swamp:4)
  2 eidola (Vaults:4)
  24 yaktaur captains
  The ghost of Ker Nai the Stormcaller, a journeyman TeAE of Sif Muna (Lair:2)
  14 great orbs of eyes
  Fannar (Lair:1)
  Harold (D:9)
  The ghost of jr88keys the Severer, a journeyman MiBe of Trog (Lair:1)
  15 ogre magi
  18 fire dragons
  A merfolk impaler (Depths:4)
  11 ice dragons
  3 hell beasts
  29 vault guards
  13 rakshasas
  25 hydras
  13 boulder beetles
  2 catoblepae (Lair:5)
  2 ghost crabs
  A merfolk aquamancer (Depths:2)
  6 spriggan air magi
  16 centaur warriors
  An anaconda (shapeshifter) (Vaults:5)
  4 death knights
  8 hell hogs
  2 tengu warriors
  49 two-headed ogres
  A death yak (Lair:3)
  9 alligators
  10 deep troll shamans
  A queen ant (Lair:4)
  8 deep troll earth magi
  21 dancing weapons
  A vampire mage (Vaults:3)
  A shock serpent (shapeshifter) (Depths:3)
  7 orc high priests
  6 spriggan berserkers
  5 titan zombies
  Urug (D:13)
  2 wretched stars (Abyss:3)
  10 soul eaters
  3 thrashing horrors (Abyss:3)
  6 storm dragon zombies
  6 iron golems
  9 shadow wraiths
  20 hell knights
  23 deep elf knights
  4 iron trolls
  6 sun demons
  A fire crab (shapeshifter) (Vaults:1)
  3 infernal demonspawn
  3 sixfirhies
  79 skeletal warriors
  A storm dragon skeleton (Vaults:5)
  6 goliath frogs
  28 deep trolls
  2 unseen horrors
  4 spriggan druids
  4 bog bodies
  A glowing orange brain (shapeshifter) (Vaults:5)
  3 glowing orange brains
  5 anaconda zombies
  2 golden dragon zombies
  5 wizards
  A gelid demonspawn (Orc:2)
  28 deep elf archers
  2 torturous demonspawn (Orc:2)
  11 flayed ghosts
  10 swamp dragons
  A quicksilver dragon simulacrum (Hell)
  6 shadow dragon zombies
  11 ironbrand convokers
  A lindwurm (Lair:5)
  14 phantasmal warriors
  10 harpies
  4 spectral hydras (Swamp:4)
  7 necromancers
  3 wolf spider zombies
  4 shadow demons
  12 large abominations
  An anaconda skeleton (Hell)
  63 deep elf magi
  38 ugly things
  13 orc sorcerers
  5 iron dragon zombies
  5 oklob plants
  12 orb spiders
  21 orc knights
  A harpy (shapeshifter) (Vaults:2)
  4 frost giant zombies
  A wolf spider (shapeshifter) (Vaults:5)
  38 wolf spiders
  Pikel (D:7)
  A tengu skeleton (Vaults:3)
  7 stone giant zombies
  4 will-o-the-wisps
  A cyclops (Vaults:1)
  2 manticores (D:14)
  A cyclops (shapeshifter) (Vaults:2)
  12 fire giant zombies
  A salamander (D:15)
  4 moths of wrath
  5 dire elephant zombies
  An iron dragon skeleton (Dis:5)
  A frost giant skeleton (Vaults:5)
  13 elephants
  71 rust devils
  8 vault sentinels
  5 black mambas
  A cane toad (shapeshifter) (Depths:2)
  2 fire giant skeletons
  2 smoke demons
  A stone giant skeleton (Dis:2)
  An ice statue (Hell)
  A molten gargoyle (Hell)
  A yellow draconian zombie (Hell)
  26 cane toads
  A catoblepas zombie (Dis:6)
  3 orange demons
  A torpor snail (Gauntlet)
  Maggie (D:7)
  22 hellions
  A gargoyle (D:10)
  2 centaur skeletons
  2 kobold demonologists
  2 minotaur zombies (Gauntlet)
  An emperor scorpion zombie (Dis:3)
  3 human zombies
  10 komodo dragons
  75 yaktaurs
  A rime drake (Lair:5)
  3 efreet
  23 freezing wraiths
  2 tengu conjurers
  48 tormentors
  13 demonic crawlers
  An anaconda simulacrum (Hell)
  A hellwing (Orc:2)
  15 ice devils
  28 jumping spiders
  4 ancient zymes (Abyss:3)
  A harpy zombie (Dis:6)
  A troll (shapeshifter) (Vaults:3)
  10 trolls
  7 hydra zombies
  A merfolk (Depths:2)
  4 fire dragon zombies
  18 red devils
  A jumping spider (shapeshifter) (Depths:2)
  2 death drake zombies (Swamp:4)
  13 tyrant leeches
  12 hornets
  A snapping turtle (shapeshifter) (D:15)
  4 hydra skeletons
  2 polar bears
  41 slime creatures
  A blink frog (shapeshifter) (Depths:3)
  6 ettin zombies
  2 ice dragon zombies
  3 alligator zombies
  A frost giant simulacrum (Hell)
  2 human simulacra
  29 blink frogs
  62 redbacks
  9 dream sheep
  2 vampires
  A centaur simulacrum (D:15)
  3 black mamba zombies
  A fire dragon skeleton (Hell)
  28 shadows
  24 tarantellas
  4 wyverns
  71 flying skulls
  4 spriggans
  4 air elementals
  17 water elementals
  A ynoxinul (Gauntlet)
  24 wraiths
  4 hogs (D:15)
  29 yaks
  A yak (shapeshifter) (Depths:3)
  6 chaos spawn
  A golden eye (shapeshifter) (Depths:1)
  3 basilisks
  7 fire elementals
  A steam dragon (D:12)
  12 vampire mosquitoes
  A neqoxec (Depths:3)
  10 wargs
  A gelid demonspawn zombie (Dis:3)
  19 swamp worms
  19 water moccasins
  22 soldier ants
  3 cane toad zombies
  2 floating eyes (Depths:2)
  Duvessa (D:4)
  3 acid dragons
  96 hell hounds
  3 hydra simulacra
  A cane toad skeleton (Hell)
  58 orc warriors
  4 swamp drakes
  6 snapping turtle zombies
  An eye of draining (Abyss:3)
  A hornet zombie (D:15)
  A sky beast (shapeshifter) (Vaults:5)
  3 sky beasts
  6 ice beasts
  An eye of draining (shapeshifter) (Vaults:5)
  4 black bears
  8 boggarts
  5 starcursed masses (Abyss:3)
  An alligator simulacrum (Hell)
  45 ogres
  3 manticore zombies
  7 necrophages
  5 phantoms
  5 swamp dragon zombies
  4 wolves
  23 centaurs
  A swamp dragon skeleton (Swamp:4)
  2 lemures (D:7)
  2 big kobolds
  An elf zombie (Dis:3)
  Blork the orc (D:5)
  5 small abominations
  31 bullfrogs
  An earth elemental (Elf:3)
  An ogre simulacrum (Vaults:1)
  A gnoll sergeant (D:11)
  Dowan (D:4)
  A wyvern skeleton (D:14)
  8 scorpions
  3 spriggan zombies
  A water moccasin skeleton (D:7)
  A troll zombie (Dis:5)
  5 electric eels
  70 wights
  A nameless horror (D:14)
  A spriggan skeleton (Dis:6)
  2 howler monkeys
  A howler monkey (shapeshifter) (Vaults:3)
  3 crimson imps
  2 bullfrog zombies
  6 quasits
  3 centaur zombies
  4 hounds
  8 jellies
  23 orc wizards
  33 orc priests
  2 bullfrog skeletons
  2 iguanas (D:14)
  55 iron imps
  An iguana (shapeshifter) (Vaults:5)
  34 worker ants
  A hound zombie (D:11)
  14 mummies
  A worker ant zombie (D:6)
  8 gnolls
  A howler monkey zombie (D:11)
  11 adders
  2 shadow imps
  2 white imps
  3 ufetubi
  7 oozes
  An adder zombie (D:7)
  2 adder skeletons
  2 dart slugs (D:3)
  4 leopard geckos
  138 orcs
  4 giant cockroaches
  10 goblins
  2 hobgoblins (D:3)
  7 jackals
  15 kobolds
  5 quokkas
  3 ball pythons
  4 bats
  9 frilled lizards
  A quokka skeleton (D:6)
  4 rats
  12 briar patches (Swamp:4)
3187 creatures vanquished.

Vanquished Creatures (collateral kills)
  A hydra (D:13)
  A worker ant (D:2)
  An adder (D:2)
3 creatures vanquished.

Vanquished Creatures (others)
  Arachne (Spider:4)
  Asterion (Spider:4)
  A storm dragon (Vaults:5)
  A fire giant (Depths:5)
  A vault warden (Vaults:5)
  An ironheart preserver (Vaults:5)
  A deep elf knight (Elf:1)
  A spriggan berserker (Depths:3)
  An orb spider (Spider:4)
  3 deep elf magi
  Maurice (D:9)
  A frost giant skeleton (Dis:3)
  2 jumping spiders
  3 bloated husks
  A shadow (Depths:4)
  A spriggan (Swamp:1)
  A wraith (Dis:6)
  An iron imp (Dis:7)
  2 kobolds
  4 briar patches (Swamp:4)
  4 bushes (Abyss:3)
  10 demonic plants (Abyss:3)
  8 foxfires (Swamp:4)
  94 fungi
  179 plants
  2 starspawn tentacles (Abyss:3)
326 creatures vanquished.

Grand Total: 3516 creatures vanquished

Notes
Turn   | Place    | Note
-------+----------+-------------------------------------------
     0 | D:1      | sahdkjhfkaj the Hill Orc Hedge Wizard began the quest for
                  | the Orb.
     0 | D:1      | Reached XP level 1. HP: 14/14 MP: 3/3
   295 | D:1      | Reached skill level 1 in Fighting
   507 | D:1      | Reached XP level 2. HP: 7/24 MP: 0/5
   748 | D:1      | Learned a level 2 spell: Call Imp
  1226 | D:2      | Reached XP level 3. HP: 23/29 MP: 0/6
  2974 | D:3      | Reached XP level 4. HP: 33/37 MP: 7/7
  3258 | D:3      | Reached skill level 1 in Short Blades
  3266 | D:3      | Reached XP level 5. HP: 10/45 MP: 8/8
  3764 | D:3      | Found an iron altar of Okawaru.
  4378 | D:4      | Noticed an ogre
  4381 | D:4      | Killed an ogre
  4382 | D:4      | Reached XP level 6. HP: 53/53 MP: 9/9
  4559 | D:4      | Reached skill level 5 in Fighting
  5033 | D:4      | Noticed Duvessa
  5033 | D:4      | Noticed Dowan
  5047 | D:4      | Killed Duvessa
  5048 | D:4      | Reached XP level 7. HP: 9/61 MP: 10/10
  5063 | D:4      | HP: 2/61 [orc wizard/magic dart (6)]
  5339 | D:4      | Killed Dowan
  5522 | D:5      | Entered Level 5 of the Dungeon
  5547 | D:5      | Noticed Blork the orc
  5564 | D:5      | Killed Blork the orc
  5565 | D:5      | Reached skill level 1 in Armour
  5805 | D:5      | You fall into a shaft and drop 3 floors!
  5893 | D:7      | Reached XP level 8. HP: 25/73 MP: 11/11
  6113 | D:7      | Noticed Maggie
  6671 | D:6      | Found a staircase to the Ecumenical Temple.
  6680 | Temple   | Entered the Ecumenical Temple
  6688 | Temple   | Became a worshipper of Ashenzari the Shackled
  7218 | D:6      | Found an opulent altar of Gozag.
  7218 | D:6      | Found a hazy altar of Hepliaklqana.
  7218 | D:6      | Found a white marble altar of Elyvilon.
  7224 | D:6      | Found a glowing silver altar of Zin.
  7226 | D:6      | Found a blossoming altar of Fedhas.
  7382 | D:7      | Reached skill level 10 in Fighting
  7382 | D:7      | Reached XP level 9. HP: 85/85 MP: 12/12
  7423 | D:7      | Noticed Pikel
  7433 | D:7      | Killed Pikel
  7708 | D:7      | Killed Maggie
  7709 | D:7      | Reached skill level 5 in Dodging
  8232 | D:8      | Identified the Almanac of the Blistering Traveller
  8259 | D:8      | Noticed a +0 dagger
  8260 | D:8      | Noticed a +0 hand axe
  8262 | D:8      | Found a hide-covered altar of Uskayaw.
  8426 | D:8      | Reached skill level 5 in Armour
  8470 | D:8      | Reached skill level 1 in Evocations
  8470 | D:8      | Reached XP level 10. HP: 24/93 MP: 13/13
  8752 | D:8      | Found a staircase to the Lair.
  8965 | D:8      | Reached * piety under Ashenzari
  9031 | D:8      | Found Plog's Gadget Boutique.
  9633 | D:9      | Noticed a two-headed ogre
  9810 | D:9      | HP: 2/93 [two-headed ogre/+0 giant club (21)]
  9812 | D:9      | Killed a two-headed ogre
  9813 | D:9      | Reached skill level 5 in Evocations
  9813 | D:9      | Reached skill level 4 in Axes
 10266 | D:9      | Noticed Maurice
 10295 | D:9      | Killed Maurice
 10296 | D:9      | Reached skill level 5 in Axes
 10430 | D:9      | Reached skill level 6 in Axes
 10453 | D:9      | Noticed Harold
 10470 | D:9      | Paralysed by Harold for 4 turns
 10478 | D:9      | Killed Harold
 10479 | D:9      | Reached skill level 8 in Axes
 11083 | D:10     | Entered Level 10 of the Dungeon
 11150 | D:10     | Reached skill level 9 in Axes
 11492 | D:10     | Reached skill level 5 in Shields
 11492 | D:10     | Reached XP level 11. HP: 45/99 MP: 14/14
 12345 | D:10     | Reached ** piety under Ashenzari
 12470 | Lair:1   | Entered Level 1 of the Lair of Beasts
 12590 | Lair:1   | Reached skill level 10 in Axes
 13001 | Lair:1   | Found a runed translucent door.
 13002 | Lair:1   | Noticed jr88keys's ghost (journeyman MiBe)
 13031 | Lair:1   | Noticed Fannar
 13198 | Lair:1   | Reached skill level 11 in Axes
 13897 | Lair:1   | Killed Fannar
 14420 | Lair:1   | Reached skill level 12 in Axes
 14546 | Lair:2   | Noticed a six-headed hydra
 14588 | D:8      | Bought a condenser vane for 640 gold pieces
 14865 | Lair:2   | Found a runed translucent gate.
 14894 | Lair:2   | Reached skill level 13 in Axes
 15142 | Lair:2   | Found a runed translucent gate.
 15146 | Lair:2   | Found a runed translucent gate.
 15149 | Lair:2   | Noticed Ker Nai's ghost (journeyman TeAE)
 15498 | Lair:1   | Reached XP level 12. HP: 71/106 MP: 15/15
 15710 | Lair:2   | Killed a six-headed hydra
 15997 | Lair:2   | Reached skill level 10 in Armour
 16586 | Lair:2   | Noticed a five-headed hydra
 16596 | Lair:2   | Killed a five-headed hydra
 17254 | Lair:3   | Reached *** piety under Ashenzari
 17261 | Lair:3   | Noticed a five-headed hydra
 17267 | Lair:3   | Killed a five-headed hydra
 17495 | Lair:3   | Found a hole to the Spider Nest.
 17545 | Lair:3   | Found a staircase to the Swamp.
 17716 | Lair:3   | Reached XP level 13. HP: 71/113 MP: 16/16
 17718 | Lair:3   | Reached skill level 10 in Shields
 18107 | Lair:3   | Identified the +4 hand crossbow of Doubt {venom, Str+4}
 18110 | Lair:3   | Found a transporter.
 18119 | Lair:3   | Noticed Mijamoo's ghost (journeyman MiBe)
 18129 | Lair:3   | Found a transporter.
 18434 | Lair:4   | Noticed an entropy weaver
 18446 | Lair:4   | Killed an entropy weaver
 18541 | Lair:4   | Noticed an entropy weaver
 18547 | Lair:4   | Killed an entropy weaver
 19387 | Lair:4   | Reached **** piety under Ashenzari
 21573 | Lair:5   | Reached ***** piety under Ashenzari
 21753 | Lair:6   | Entered Level 6 of the Lair of Beasts
 21969 | D:10     | Identified the +10 quarterstaff "Baewab" {protect, rElec
                  | Dex+2 SInv}
 22761 | D:11     | Reached XP level 14. HP: 122/122 MP: 17/17
 22974 | D:11     | Found Vetzeam's Assorted Antiques.
 22980 | D:11     | Bought a broad axe for 148 gold pieces
 23293 | D:11     | Identified 3 scrolls of acquirement {!r}
 23295 | D:11     | Acquired 918 gold pieces
 23297 | D:11     | Acquired the cursed ring "Sacan" {AC+4 Slay+4}
 23299 | D:11     | Acquired a cursed +0 broad axe of freezing
 23720 | D:12     | Found a gate leading to a gauntlet.
 23726 | Gauntlet | Entered a Gauntlet
 23726 | Gauntlet | Found a transporter.
 23806 | Gauntlet | Found a transporter.
 23817 | Gauntlet | Found a transporter.
 23820 | Gauntlet | Found a transporter.
 23822 | Gauntlet | Noticed a reaper
 23832 | Gauntlet | Found a transporter.
 23844 | Gauntlet | Found a runed translucent door.
 23848 | Gauntlet | Found a transporter.
 23858 | Gauntlet | Found a transporter.
 23866 | Gauntlet | Found a runed translucent door.
 23869 | Gauntlet | Found a transporter.
 23876 | Gauntlet | Noticed an entropy weaver
 23884 | Gauntlet | Found a transporter.
 23898 | Gauntlet | Found a transporter.
 23898 | Gauntlet | Found a transporter.
 23937 | Gauntlet | Found a runed translucent door.
 23942 | Gauntlet | Found a transporter.
 23956 | Gauntlet | Found a transporter.
 24029 | Gauntlet | Found a transporter.
 24309 | Gauntlet | Identified the +9 long sword of Oguwyope {vorpal, rPois rF+
                  | Str+3}
 25077 | D:12     | Found a staircase to the Orcish Mines.
 26002 | D:13     | Found Mutuiruf's General Store.
 26010 | D:13     | Bought a scroll of remove curse for 57 gold pieces
 26034 | D:13     | Acquired the cursed +8 orange crystal plate armour
                  | {Archmagi, Int+3 Clar}
 26035 | D:13     | Found the cursed +8 orange crystal plate armour {Archmagi,
                  | Int+3 Clar}
 26084 | D:13     | Found Erchicum's Antique Weapon Shop.
 26105 | D:13     | Noticed Urug
 26120 | D:13     | Killed Urug
 27088 | D:14     | Found Luadoeq's Antique Weapon Shop.
 27350 | D:14     | Found a blossoming altar of Fedhas.
 27533 | D:14     | Noticed an ironheart preserver
 27550 | D:14     | Killed an ironheart preserver
 27552 | D:14     | Found a gate to the Vaults.
 27836 | D:15     | Entered Level 15 of the Dungeon
 27840 | D:15     | Noticed Kirke
 28026 | D:15     | Noticed Rupert
 28085 | D:14     | Killed Rupert
 28086 | D:14     | Reached XP level 15. HP: 63/138 MP: 10/18
 29506 | D:14     | Killed Kirke
 29513 | D:15     | Found a runed translucent door.
 29584 | D:15     | Reached skill level 15 in Shields
 29641 | D:15     | Found Wimihis's Magic Scroll Emporium.
 29654 | D:15     | Bought a scroll of blinking for 127 gold pieces
 29654 | D:15     | Bought a scroll of enchant weapon for 127 gold pieces
 29654 | D:15     | Bought a scroll of remove curse for 51 gold pieces
 30087 | D:15     | Found a staircase to the Depths.
 30399 | Orc:1    | Entered Level 1 of the Orcish Mines
 30451 | Orc:1    | Found Fumympoh's Weapon Shop.
 30569 | Orc:1    | Reached ****** piety under Ashenzari
 30685 | Orc:1    | Noticed an orc warlord
 30690 | Orc:1    | Paralysed by an orc sorcerer for 6 turns
 30700 | Orc:1    | Paralysed by an orc sorcerer for 5 turns
 30706 | Orc:1    | HP: 6/138 [burnt (7)]
 31117 | Orc:1    | Killed an orc warlord
 31197 | Orc:1    | Found Kaodd's Mass Market.
 31393 | Orc:2    | Entered Level 2 of the Orcish Mines
 31420 | Orc:2    | Found a staircase to the Elven Halls.
 31597 | Orc:2    | Noticed Saint Roka
 31624 | Orc:2    | Killed Saint Roka
 32105 | Orc:2    | Found Nengar's General Store.
 32106 | Orc:2    | Found Asokhuaw's General Store.
 32127 | Orc:2    | Reached skill level 15 in Fighting
 32247 | Orc:2    | Bought a scroll of enchant weapon for 97 gold pieces
 32695 | Orc:2    | Gained mutation: You are weak. (Str -2) [a neqoxec]
 33434 | Orc:2    | Reached skill level 10 in Dodging
 33496 | Orc:2    | Reached XP level 16. HP: 95/147 MP: 19/19
 34340 | Orc:2    | Found Meshisch's Book Shoppe.
 34340 | Orc:2    | Found Hetoo's Antique Weapon Emporium.
 34341 | Orc:2    | Found a one-way gate leading to the halls of Pandemonium.
 34343 | Orc:2    | Bought a Young Poisoner's Handbook for 600 gold pieces
 34347 | Orc:2    | Learned a level 3 spell: Ignite Poison
 34704 | Lair:6   | Reached skill level 1 in Translocations
 34706 | Lair:6   | Reached skill level 1 in Transmutations
 34813 | Lair:6   | Reached skill level 1 in Fire Magic
 34852 | Lair:6   | Reached skill level 1 in Poison Magic
 35408 | Lair:6   | Identified the Incunabulum of Conjuration and Beguiling
 35423 | Lair:6   | Learned a level 3 spell: Summon Guardian Golem
 35426 | Lair:6   | Learned a level 1 spell: Animate Skeleton
 35429 | Lair:6   | Learned a level 2 spell: Blink
 35796 | Lair:6   | Found a staircase to the Slime Pits.
 36524 | Lair:1   | Identified the +4 hand crossbow of Doubt {venom, Str+4}
 36536 | Lair:1   | Killed jr88keys's ghost
 36580 | Lair:2   | Killed Ker Nai's ghost
 36635 | Lair:3   | Identified the +0 pair of gloves of Tewuku {Dex-4 Slay+3
                  | Stlth+}
 36771 | Lair:3   | Killed Mijamoo's ghost
 38028 | Spider:1 | Entered Level 1 of the Spider Nest
 38457 | Spider:1 | Reached XP level 17. HP: 142/158 MP: 21/21
 39398 | Spider:2 | Noticed Jorgrun
 39415 | Spider:2 | Killed Jorgrun
 41554 | Spider:4 | Entered Level 4 of the Spider Nest
 41584 | Spider:4 | Noticed Asterion
 41594 | Spider:4 | Killed Asterion
 42717 | Spider:4 | Reached skill level 14 in Axes
 42739 | Spider:4 | Reached XP level 18. HP: 63/169 MP: 9/22
 42744 | Spider:4 | Noticed Arachne
 42767 | Spider:4 | Reached skill level 15 in Axes
 42772 | Spider:4 | HP: 7/169 [Arachne/uncursed staff of poison (9)]
 42778 | Spider:4 | HP: 6/169 [poisoned by Arachne]
 42783 | Spider:4 | HP: 5/169 [poisoned by Arachne]
 42790 | Spider:4 | HP: 5/169 [poisoned by Arachne]
 42795 | Spider:4 | HP: 5/169 [poisoned by Arachne]
 42800 | Spider:4 | HP: 6/169 [poisoned by Arachne]
 42808 | Spider:4 | HP: 7/169 [poisoned by Arachne]
 43686 | Spider:4 | Killed Arachne
 43877 | Spider:4 | Reached skill level 16 in Axes
 44142 | Spider:4 | Got a gossamer rune of Zot
 44517 | Vaults:1 | Entered Level 1 of the Vaults
 44584 | Vaults:1 | Found Kafumac's Magic Scroll Shoppe.
 44605 | Vaults:1 | Bought a scroll of enchant weapon for 120 gold pieces
 44605 | Vaults:1 | Bought a scroll of enchant weapon for 120 gold pieces
 47178 | Vaults:2 | Found a transporter.
 47183 | Vaults:2 | Identified the +3 helmet of Mecvihy {Regen+ Dex+3}
 47197 | Vaults:2 | Found a transporter.
 47479 | Vaults:2 | Found Pimao's Book Shop.
 47573 | Vaults:2 | Reached XP level 19. HP: 184/184 MP: 23/23
 47837 | Vaults:2 | Reached skill level 15 in Armour
 48964 | D:8      | Bought a tin of tremorstones (2/2) for 640 gold pieces
 49680 | Vaults:3 | Found a staircase to the Crypt.
 51428 | Vaults:3 | Reached XP level 20. HP: 193/193 MP: 24/24
 51683 | Vaults:4 | Found a white marble altar of Elyvilon.
 52564 | Vaults:4 | Found a runed translucent gate.
 52564 | Vaults:4 | Found a runed translucent gate.
 52565 | Vaults:4 | Found a runed translucent gate.
 52565 | Vaults:4 | Noticed dolemite99's ghost (veteran DrFE)
 52567 | Vaults:4 | Found the +7 captain's cutlass {speed, disarm}
 53912 | Swamp:1  | Entered Level 1 of the Swamp
 54264 | Swamp:1  | Found a frozen archway.
 54304 | Swamp:1  | Noticed Frances
 54314 | Swamp:1  | Killed Frances
 54395 | Swamp:1  | Noticed Louise
 54429 | Swamp:1  | Killed Louise
 55121 | Swamp:2  | Acquired 810 gold pieces
 55578 | Swamp:2  | Reached XP level 21. HP: 201/201 MP: 25/25
 56474 | Swamp:4  | Entered Level 4 of the Swamp
 57029 | Swamp:4  | Noticed Donald
 57054 | Swamp:4  | Killed Donald
 57498 | Swamp:4  | Lost mutation: You are weak. (Str -2) [mutagenic glow]
 57509 | Swamp:4  | Paralysed by a vampire knight for 7 turns
 57511 | Swamp:4  | Gained mutation: Your magical capacity is low. (-10% MP)
                  | [mutagenic glow]
 58088 | Swamp:4  | Found a basalt altar of Yredelemnul.
 58181 | Swamp:4  | Found a blossoming altar of Fedhas.
 59054 | Swamp:4  | Got a decaying rune of Zot
 59457 | Vaults:5 | Entered Level 5 of the Vaults
 59473 | Vaults:5 | Noticed Mennas
 59551 | Vaults:5 | Noticed Frederick
 59598 | Vaults:4 | Killed Mennas
 59599 | Vaults:4 | Reached XP level 22. HP: 176/209 MP: 23/23
 59676 | Vaults:5 | Noticed an ancient lich
 60129 | Vaults:4 | Killed Frederick
 60155 | Vaults:4 | Killed an ancient lich
 60729 | Vaults:5 | Identified the ring of Irrepressible Laughter {rN+ Will+}
 61042 | Vaults:5 | Identified the +6 whip of Starshine {freeze, rF+}
 61707 | Vaults:5 | Identified the +6 scale mail of the Five Queens {rPois
                  | Will+ MP-9 Dex+2}
 61755 | Vaults:4 | Reached XP level 23. HP: 29/208 MP: 24/24
 62411 | Vaults:5 | Got a silver rune of Zot
 62522 | Vaults:5 | Noticed a golden dragon
 62544 | Vaults:5 | Killed a golden dragon
 62844 | Vaults:5 | Noticed a golden dragon
 62848 | Vaults:5 | Killed a golden dragon
 63088 | Vaults:4 | Killed dolemite99's ghost
 63089 | Vaults:4 | Reached skill level 17 in Axes
 63766 | Vaults:5 | Identified the cursed +0 leather armour of Springtime {rF-
                  | Str+7}
 63770 | Vaults:5 | Identified the cursed +0 falchion of Imneffuo {vorpal,
                  | Fragile rPois rN+++ SInv}
 64216 | Vaults:5 | Identified the cursed +0 hand crossbow "Xoatydao" {elec,
                  | *Corrode Str+6}
 64230 | Vaults:5 | Reached skill level 18 in Axes
 64484 | Vaults:5 | Identified the Almanac of the Escort
 64921 | Elf:1    | Entered Level 1 of the Elven Halls
 65273 | Elf:1    | Found Hask's Weapon Shoppe.
 65665 | Elf:1    | Reached skill level 19 in Axes
 66206 | Elf:2    | Found a runed translucent gate.
 66206 | Elf:2    | Found a runed translucent gate.
 66206 | Elf:2    | Found a runed translucent gate.
 66311 | Elf:2    | Reached skill level 20 in Axes
 66587 | Elf:2    | Noticed Agnes
 66593 | Elf:2    | Killed Agnes
 66657 | Elf:2    | Reached XP level 24. HP: 224/224 MP: 24/24
 66915 | Elf:3    | Entered Level 3 of the Elven Halls
 66954 | Elf:3    | Reached skill level 21 in Axes
 67409 | Elf:3    | Found Niocecu's Gadget Boutique.
 67723 | Elf:3    | Found Kuadat's Gadget Boutique.
 67724 | Elf:3    | Found Itriahon's Jewellery Shoppe.
 67724 | Elf:3    | Found Unegrokag's Jewellery Shoppe.
 67863 | Elf:3    | Cast into level 3 of the Abyss (a deep elf demonologist)
 67939 | Abyss:3  | Reached skill level 22 in Axes
 68250 | Elf:3    | Escaped the Abyss
 68891 | Elf:3    | Reached skill level 23 in Axes
 68917 | Elf:3    | Identified the cursed +0 ring mail of Life {rElec rPois
                  | Int+3}
 68917 | Elf:3    | Identified the +11 quarterstaff of the Sage {vorpal, *Drain
                  | rF+ rC++ Int+3}
 68917 | Elf:3    | Identified the cursed +1 war axe of Pifoqiwamuu {vorpal,
                  | Fragile +Inv rPois Str+2}
 68918 | Elf:3    | Identified the ring "Tuge" {rElec rPois rF+ rN+ Int+3}
 68918 | Elf:3    | Identified the cursed +2 short sword of Cakkenny {vamp,
                  | Str+5 Int+2}
 68918 | Elf:3    | Identified the cursed +2 falchion "Heexuky" {speed,
                  | *Corrode rF+ rC+ Str+2}
 69834 | Elf:3    | Bought the amulet "Cuopn" {Reflect Str+4 SH+5} for 681 gold
                  | pieces
 70054 | Depths:1 | Entered Level 1 of the Depths
 70143 | Depths:1 | Found a gateway to Hell.
 70681 | Depths:1 | Reached skill level 10 in Evocations
 70681 | Depths:1 | Reached XP level 25. HP: 163/231 MP: 24/24
 70843 | Depths:1 | Found a glowing silver altar of Zin.
 70843 | Depths:1 | Found a white marble altar of Elyvilon.
 70843 | Depths:1 | Found a glowing golden altar of the Shining One.
 71007 | Depths:2 | Paralysed by a floating eye for 4 turns
 71119 | Depths:2 | Noticed Sojobo
 71149 | Depths:2 | Killed Sojobo
 71382 | Depths:2 | Noticed a juggernaut
 71396 | Depths:2 | Killed a juggernaut
 71492 | Depths:2 | Found a transporter.
 71723 | Depths:2 | Identified the +11 battleaxe "Ygre" {vorpal, rPois Str+2
                  | Stlth+}
 71751 | Depths:2 | Identified the +0 leather armour "Yhamya" {-Cast rN+ Str+6}
 71803 | Depths:2 | Identified the ring "Zadwat" {rN+ Will+ EV+4}
 71951 | Depths:2 | Found Wuinnagg's Antique Weapon Emporium.
 71953 | Depths:2 | Identified the +5 spear "Zegis" {vorpal, *Slow rElec SInv}
 72079 | Depths:2 | Found a one-way gate to the infinite horrors of the Abyss.
 72164 | Depths:2 | Reached skill level 5 in Translocations
 72231 | Depths:2 | Found a transporter.
 72311 | Depths:2 | Identified the cursed ring of Autotheism {rF+ MP+9 EV-4
                  | Str+3}
 72459 | Depths:2 | Found Destreos's Armour Emporium.
 72487 | Depths:2 | Identified the ring of Tesaot {Dex+4 Stlth+}
 73101 | Depths:3 | Learned a level 4 spell: Passage of Golubria
 73358 | Depths:3 | Reached XP level 26. HP: 225/242 MP: 24/24
 73432 | Depths:3 | Found a broken altar of Ashenzari.
 73520 | Depths:3 | Reached skill level 24 in Axes
 73567 | Depths:3 | Found a magical portal.
 73586 | Depths:3 | Noticed Nikola
 73609 | Depths:3 | Killed Nikola
 73897 | Depths:3 | Found a gateway to a ziggurat.
 74151 | Depths:3 | Gained mutation: You tend to lose your temper in combat. [a
                  | neqoxec]
 74426 | Depths:4 | Found a huge runed gate.
 74426 | Depths:4 | Found a huge runed gate.
 74426 | Depths:4 | Found a huge runed gate.
 74426 | Depths:4 | Found a huge runed gate.
 74426 | Depths:4 | Found a huge runed gate.
 74426 | Depths:4 | Found a huge runed gate.
 74426 | Depths:4 | Found a huge runed gate.
 74426 | Depths:4 | Found a huge runed gate.
 74429 | Depths:4 | Found a huge runed gate.
 74429 | Depths:4 | Found a huge runed gate.
 74535 | Depths:4 | Found a huge runed gate.
 74536 | Depths:4 | Found a huge runed gate.
 74538 | Depths:4 | Found a huge runed gate.
 74539 | Depths:4 | Found a huge runed gate.
 74597 | Depths:4 | Reached skill level 25 in Axes
 75019 | Depths:4 | Found a shadowy altar of Dithmenos.
 75019 | Depths:4 | Identified the ring "Fyih" {rElec Dex+5 Stlth+}
 75020 | Depths:4 | Identified the +5 shadow dragon scales of Rucaxihi {rPois
                  | Stlth++++}
 75130 | Depths:4 | Acquired 497 gold pieces
 75526 | Depths:4 | Acquired 806 gold pieces
 75611 | Depths:4 | Found a huge runed gate.
 75612 | Depths:4 | Found a huge runed gate.
 75620 | Depths:4 | Found a huge runed gate.
 75620 | Depths:4 | Found a huge runed gate.
 75620 | Depths:4 | Found a huge runed gate.
 75620 | Depths:4 | Found a huge runed gate.
 75620 | Depths:4 | Found a huge runed gate.
 75620 | Depths:4 | Found a huge runed gate.
 75621 | Depths:4 | Found a huge runed gate.
 75622 | Depths:4 | Found a huge runed gate.
 75623 | Depths:4 | Found a huge runed gate.
 75631 | Depths:4 | Found a huge runed gate.
 75631 | Depths:4 | Found a huge runed gate.
 75663 | Depths:5 | Entered Level 5 of the Depths
 75674 | Depths:5 | Reached skill level 26 in Axes
 75740 | Depths:5 | Found Zoz Sewk's Elemental Accessories.
 75878 | Depths:5 | Found a gate to the Realm of Zot.
 76203 | Depths:5 | Noticed a juggernaut
 76218 | Depths:5 | Killed a juggernaut
 76300 | Depths:5 | Reached skill level 27 in Axes
 76810 | Depths:5 | Found Xog Qov's General Store.
 76812 | Depths:5 | Found Nune Tyacyal's Book Shoppe.
 76815 | Depths:5 | Found Rupsus's Armour Emporium.
 76847 | Depths:5 | Bought a potion of heal wounds for 70 gold pieces
 76864 | Depths:5 | Reached XP level 27. HP: 250/250 MP: 24/24
 77343 | Hell     | Entered the Vestibule of Hell
 77343 | Hell     | Noticed Geryon
 78036 | Hell     | Found a gateway to the freezing wastes of Cocytus.
 78161 | Hell     | Found a gateway to the decaying netherworld of Tartarus.
 78225 | Hell     | Killed Geryon
 78440 | Hell     | Found a gateway to the Iron City of Dis.
 78477 | Hell     | Found a gateway to the ashen valley of Gehenna.
 78597 | Dis:1    | Entered Level 1 of the Iron City of Dis
 81295 | Dis:1    | Gained mutation: Your spells are a little easier to cast,
                  | but a little less powerful. [a cacodemon]
 83708 | Vaults:2 | Bought a Necronomicon for 1545 gold pieces
 83717 | Vaults:2 | Learned a level 8 spell: Necromutation
 84446 | Dis:2    | Reached skill level 1 in Necromancy
 85473 | Dis:3    | Reached skill level 5 in Necromancy
 86050 | Dis:3    | Reached skill level 5 in Transmutations
 89841 | Dis:3    | Reached skill level 10 in Necromancy
 90086 | Dis:3    | Gained mutation: Scrolls take you a little longer to read.
                  | [a cacodemon]
 94074 | Dis:5    | Gained mutation: You occasionally shout uncontrollably at
                  | your foes. [a cacodemon]
 94691 | Dis:6    | Learned a level 5 spell: Borgnjor's Vile Clutch
 94693 | Dis:6    | Learned a level 1 spell: Apportation
 94702 | Dis:6    | Learned a level 8 spell: Infestation
 94971 | Dis:6    | Reached skill level 5 in Spellcasting
 96229 | Dis:7    | Entered Level 7 of the Iron City of Dis
 96323 | Dis:7    | Identified the ring of Waelamudd {rF+ rN+}
 96323 | Dis:7    | Identified the ring of Siuguvapn {rPois rN+ Will- AC+4
                  | Str-2 Int+2}
 96323 | Dis:7    | Identified the amulet "Ivvie" {Acrobat Fragile rC+ rN+
                  | Int+4 Stlth+}
 96327 | Dis:7    | Paralysed by a vampire knight for 5 turns
 96328 | Dis:7    | HP: 5/265 [Brimstone Fiend (9)]
 96373 | Dis:7    | Found the +4 staff of Dispater
 96373 | Dis:7    | Noticed Dispater
 96374 | Dis:7    | Identified the ring "Ynnus" {rF+ Int+4 Slay+4}
 96378 | Dis:7    | Found the +8 storm bow {elec, penet}
 96378 | Dis:7    | Got an iron rune of Zot
 96439 | Dis:7    | Gained mutation: Potions are less effective at restoring
                  | your health. [a cacodemon]
 96461 | Dis:7    | Gained mutation: You often lose your temper in combat. [a
                  | cacodemon]
 96484 | Dis:7    | HP: 13/267 [??? (7)]
 96486 | Dis:7    | Killed from afar by a Brimstone Fiend

Illustrated notes

Levels and vault maps discovered:
D:1:      dpeg_arrival_boxorama, layout_loops_ring, minmay_misc_feat_ornament
D:2:      layout_basic
D:3:      layout_loops_ring, okawaru_trees_2
D:4:      layout_cave_pods, uniq_duvessa
D:5:      layout_rooms, serial_shops, kennysheep_little_box, uniq_blork_the_orc,
          uniq_menkaure
D:6:      layout_loops_ring, minitemple, minmay_temple_entry_stoned_glass
D:7:      layout_cave_pools, kennysheep_small_circle, uniq_maggie, uniq_pikel
D:8:      layout_loops_ring, dancing_weapons_uskayaw,
          due_lair_maze_entry_diamond, serial_shops, nicolae_shop_statue_plus,
          minivault_4
D:9:      layout_cave_pools, uniq_maurice, uniq_harold
D:10:     layout_roguey, hangedman_little_slice_of_home
D:11:     layout_basic, serial_shops, nicolae_shop_overgrown_old_shop
D:12:     layout_loops_ring, hiddenorc2_lemuel, gauntlet_entry_generic,
          drop_trap
D:13:     layout_loops_ring, serial_shops, shop,
          nicolae_shop_overgrown_old_shop, chequers_serial_rivers_micro_d,
          uniq_urug
D:14:     layout_roguey, skrybe_vaults_entry_preservation, serial_shops, shop,
          fedhas_altar_3
D:15:     hangedman_depths_entry_try_elsewhere_first, layout_cave_pools,
          hangedman_decor_growths, serial_shops, shop, lightli_airlock,
          uniq_rupert, uniq_kirke
Temple:   lightli_temple_of_artemis
Lair:1:   layout_small_grid, gammafunk_ghost_grave,
          chequers_serial_rivers_room_b, guppyfry_lair_drakes, uniq_fannar
Lair:2:   layout_regular_city, ebering_ghost_rock_garden,
          minmay_lair_oklob_chamber, lemuel_fruit_fields, grunt_megastairs_1
Lair:3:   layout_chaotic_city, swamp_mist, spider_nest_entry_rubble,
          gammafunk_ghost_berserking_beasts, nicolae_quartered_pool_super
Lair:4:   layout_gridlike, zaba_anthell, infiniplex_staircase_pool
Lair:5:   layout_cave_pods
Lair:6:   minmay_lair_end_frog_pond, layout_misc_corridors,
          dpeg_slime_entry_corner, chequers_serial_rivers_large_a,
          infiniplex_staircase_pool_2, serial_bayou_shore_a
Swamp:1:  layout_falls_marsh, portal_ice_cave_entry_pillars_1,
          serial_swamp_ruin, evilmike_swamp_ruin_house_5,
          hangedman_swamp_ruin_wall, evilmike_swamp_ruin_house_4, uniq_louise,
          uniq_frances
Swamp:2:  layout_basic_swamp, nicolae_swamp_triple_paths, swamp_pool2,
          nzn_swamp_stair_ambush
Swamp:3:  layout_basic_swamp, evilmike_swamp_ruin_house_2
Swamp:4:  byrel_swamp_growth_death_and_undeath, layout_basic_swamp, uniq_donald
Spider:1: layout_spider_delve, drop_trap
Spider:2: layout_spider_delve, nicolae_spider_shape, uniq_jorgrun
Spider:3: layout_chambers
Spider:4: grunt_spider_rune_island, uniq_arachne, uniq_asterion
Orc:1:    layout_diamond_mine, nicolae_volcano_entry_hallway, serial_shops,
          nicolae_shop_competitors_out_of_business, minmay_shop_mass
Orc:2:    pf_orc_diabolical, layout_caves, uniq_saint_roka
Elf:1:    eino_elf_arrival_the_gate, layout_geoelf_grid, serial_shops,
          nicolae_shop_statue_plus, hangedman_elf_disciples
Elf:2:    layout_geoelf_octagon, uniq_agnes
Elf:3:    elf_hall_gauntlet_wide, layout_onion_city, serial_shops, shop,
          minmay_shop_grove
Vaults:1: ontoclasm_vaults_loading_screen, nicolae_vaults_network_quincunx
          [nicolae_vaults_network_quincunx_subvault,
          nicolae_vaults_network_quincunx_subvault,
          nicolae_vaults_network_quincunx_subvault,
          nicolae_vaults_network_quincunx_subvault,
          nicolae_vaults_network_quincunx_subvault], v_misc_10,
          hangedman_vaults_maws, grunt_vaults_trifunnel,
          hangedman_vaults_unwind, ontoclasm_vaults_shuriken,
          nicolae_vaults_asterisk, nicolae_vaults_little_ls,
          layout_vaults_chaotic_city, serial_shops, shop
Vaults:2: nicolae_vaults_twisting_passages, gammafunk_the_bubble
          [the_bubble_gammafunk_split], ontoclasm_vaults_ring_small,
          nicolae_vaults_asterisk, v_misc_25, vaults_room_boxed, v_pattern_4,
          ontoclasm_vaults_eye, ontoclasm_vaults_misaligned,
          ontoclasm_vaults_idyll, v_misc_13, v_misc_23, grunt_vaults_twisty,
          ontoclasm_vaults_ring_large, ontoclasm_vaults_gateway,
          layout_vaults_maze_bifur, serial_shops, shop_fountains, serial_glass
Vaults:3: nicolae_vaults_triangles, ontoclasm_vaults_decontamination,
          nicolae_vaults_circle_grid_b, minmay_crypt_entry_simple_statues,
          hangedman_vaults_maws, v_misc_26, ontoclasm_vaults_chip, v_rooms_2,
          vaults_room_ringed_pool, ontoclasm_vaults_ring_square,
          hangedman_vaults_pinch, vaults_room_door_ring, layout_vaults_omnicross
Vaults:4: gammafunk_vaults_ghost_spectres, v_misc_18,
          nicolae_vaults_yaktaur_gun_rack, hangedman_vaults_stream,
          vaults_room_door_hall, vaults_room_stairs_pillars,
          ontoclasm_vaults_shout, nicolae_vaults_puzzle_piece, v_misc_9,
          ontoclasm_vaults_hangar, nicolae_vaults_little_squares_5,
          nicolae_vaults_asterisk, layout_vaults_omnibox, basic_altar
Vaults:5: serial_shops, uniq_mennas, uniq_frederick
Depths:1: layout_cave_pools, chequers_decorated_corner,
          pf_hell_entry_tar_spiral, hallowed_hall
Depths:2: hangedman_spin_cycle, abyss_entry, hell_entry
Depths:3: minmay_imperfect_grid, layout_gridlike, enter_ziggurat_f,
          grunt_pan_entry_in_and_out, hell_entry, abyss_entry_glasseish,
          mu_enter_wizlab_4, minmay_misc_feat_rows,
          nicolae_ashenzari_panopticon, uniq_sojobo, uniq_nikola
Depths:4: regret_index_dithmenos_brocken_genspenst, layout_cave_pools,
          minmay_staircase_windowed_large, minmay_room_of_horrors, hell_entry,
          serial_bayou_pond_d, minmay_misc_feat_tower, door_vault
Depths:5: grunt_zot_entry_funnels, layout_basic, hell_entry, nrook_campfire,
          nicolae_elemental_shop, minmay_shop_star, serial_bayou_shore_b
Hell
Dis:1:    layout_subdivisions, grunt_megastairs_3
Dis:2:    layout_regular_city
Dis:3:    layout_subdivisions
Dis:4:    layout_subdivisions
Dis:5:    layout_chaotic_city
Dis:6:    layout_chaotic_city, nicolae_dis_hell_towers
Dis:7:    dis_hangedman

Skill      XL: |  1  2  3  4  5  6  7  8  9 10 11 12 13 14 15 16 17 18 19 20 21 22 23 24 25 26 27 |
---------------+----------------------------------------------------------------------------------+-----
Fighting       | 2 3 4 5 7 10 14 15 16 17 19 20 21 26 | 26.0
Summonings     | 2 3 |  3.1
Short Blades   | 2 3 4 |  4.0
Dodging        | 2 5 7 10 | 10.0
Armour         | 3 7 8 11 14 18 21 22 | 22.5
Shields        | 4 5 7 9 14 15 17 19 22 | 22.9
Evocations     | 1 5 10 13 | 13.9
Axes           | 9 13 14 16 20 23 27 | 27.0
Conjurations   | 0 |  0.0
Spellcasting   | 3 8 |  8.5
Translocations | 1 8 |  8.2
Transmutations | 1 9 |  9.4
Fire Magic     | 1 |  1.9
Poison Magic   | 1 |  1.8
Necromancy     | 14 | 14.9
Earth Magic    | 3 |  3.8
Stealth        | |  1.5

Action                   |  1- 3 |  4- 6 |  7- 9 | 10-12 | 13-15 | 16-18 | 19-21 | 22-24 | 25-27 || total
-------------------------+-------+-------+-------+-------+-------+-------+-------+-------+-------++-------
Melee: Dagger            |    86 |     1 |       |       |       |       |       |       |       ||    87
       War axe           |       |    91 |   196 |   602 |   691 |       |       |       |       ||  1580
       Rapier            |       |       |    55 |       |       |       |       |       |       ||    55
       Broad axe         |       |       |       |       |   811 |  1470 |  1567 |  1197 |  4009 ||  9054
       Unarmed           |       |       |       |       |     3 |       |       |       |       ||     3
 Fire: Hunting sling     |     4 |    27 |       |       |       |       |       |       |       ||    31
Throw: Throwing net      |       |       |       |     1 |       |       |       |       |       ||     1
 Cast: Magic Dart        |    47 |       |       |       |       |       |       |       |       ||    47
       Call Imp          |     5 |       |       |       |    12 |     5 |       |       |       ||    22
       Ignite Poison     |       |       |       |       |       |     1 |     1 |     2 |       ||     4
Invok: Curse Item        |       |       |     3 |     3 |     4 |       |     3 |     3 |     2 ||    18
       Transfer Knowledg |       |       |       |       |     1 |       |       |       |       ||     1
Evoke: Wand              |       |       |     2 |    39 |    30 |       |     2 |     5 |     4 ||    82
       Condenser vane    |       |       |       |       |     4 |     3 |     2 |     3 |     1 ||    13
       Tin of tremorston |       |       |       |       |       |       |     7 |     6 |     6 ||    19
  Use: Potion            |       |     1 |     3 |     4 |     8 |     3 |       |       |    10 ||    29
       Scroll            |       |     5 |     2 |     7 |    25 |    18 |    12 |     9 |    26 ||   104
 Stab: Sleeping          |     1 |       |       |       |       |       |       |       |       ||     1
       Distracted        |     1 |       |       |       |     1 |     1 |       |     1 |       ||     4
       Held in net/web   |       |       |       |       |       |     1 |       |       |       ||     1
       Confused          |       |       |       |       |       |       |     2 |       |       ||     2
Armor: Robe              |    15 |       |       |       |       |       |       |       |       ||    15
       Plate armour      |     9 |    96 |   211 |   343 |   163 |       |       |       |       ||   822
       Crystal plate arm |       |       |       |       |   463 |   891 |   977 |   337 |       ||  2668
       Skin              |       |       |       |       |     2 |       |       |       |       ||     2
       Gold dragon scale |       |       |       |       |       |       |       |    23 |   669 ||   692
Dodge: Dodged            |    65 |    30 |    98 |   224 |   340 |   390 |   445 |   180 |   427 ||  2199
Block: Other             |       |    17 |    71 |    46 |     9 |       |       |       |       ||   143
       Reflection        |       |       |     1 |     6 |    36 |    44 |    84 |   176 |   141 ||   488
       Buckler           |       |       |       |   212 |       |       |       |       |       ||   212
       Kite shield       |       |       |       |    61 |  1330 |  1556 |   750 |       |       ||  3697
       Tower shield      |       |       |       |       |       |       |   996 |  1391 |  4068 ||  6455
